 Dungeon Crawl Stone Soup version 0.30.0-30-g96aa6591b8 (webtiles) character file.

Game seed: 14776273576832151688

791 H0rd4k the Ducker (level 8, -9/59 (61) HPs)
             Began as a Human Artificer on June 26, 2023.
             Mangled by a gnoll
             ... wielding a +0 heavy spear
             ... led by a gnoll bouda
              (11 damage)
             ... on level 6 of the Dungeon.
             The game lasted 00:05:08 (5071 turns).

H0rd4k the Ducker (Human Artificer)                 Turns: 5071, Time: 00:05:08

HP:   -9/59 (61)    AC:  5    Str: 18    XL:     8   Next: 12%
MP:   8/8           EV: 13    Int: 20    God:
Gold: 228           SH:  0    Dex: 14    Spells: 7/7 levels left

rFire   . . .        o - +1 great mace (holy)
rCold   . . .        (shield currently unavailable)
rNeg    . . .        b - +0 leather armour
rPois   .            (no helmet)
rElec   .            f - +0 cloak
rCorr   .            i - +0 pair of gloves
SInv    .            (no boots)
Will    .....        (no amulet)
Stlth   ++           h - +6 ring of strength
HPRegen 0.29/turn    n - +6 ring of intelligence
MPRegen 0.11/turn

%: no passive effects
@: weakened, lightly drained
A: no striking features
a: no special abilities


You were on level 6 of the Dungeon.
You visited 1 branch of the dungeon, and saw 6 of its levels.

You collected 228 gold pieces.

Inventory:

Hand Weapons
 a - a +0 club
 o - a +1 great mace of holy wrath (weapon)
 q - a +0 mace of draining
Missiles
 r - 8 poisoned darts
Armour
 b - a +0 leather armour (worn)
 f - a +0 cloak (worn)
 i - a +0 pair of gloves (worn)
 k - an orb of wrath
 D - an orb of energy
Magical Staves
 m - a staff of death
Jewellery
 h - a +6 ring of strength (left hand)
 n - a +6 ring of intelligence (right hand)
 w - a ring of flight
 z - a ring of wizardry
 C - a ring of willpower
 G - a +6 ring of dexterity
Wands
 c - a wand of flame (6) (quivered)
 d - a wand of charming (11)
 e - a wand of iceblast (2)
 F - a wand of mindburst (18)
Scrolls
 g - 5 scrolls of teleportation {unknown}
 l - a scroll of fog {unknown}
 s - a scroll of noise {unknown}
 t - a scroll of fear {unknown}
 u - a scroll of acquirement {unknown}
 v - a scroll of immolation {unknown}
 x - 2 scrolls of summoning {unknown}
 y - 2 scrolls of enchant weapon {unknown}
 A - a scroll of magic mapping {unknown}
 B - a scroll of identify {unknown}
Potions
 j - 2 potions of curing
 p - a potion of degeneration {unknown}
 E - a potion of might {unknown}
 H - a potion of invisibility {unknown}


   Skills:
 + Level 4.4 Fighting
 - Level 3.5 Maces & Flails
 - Level 2.0 Armour
 + Level 4.9 Dodging
 + Level 2.1 Stealth
 + Level 4.3 Evocations


You had 7 spell levels left.
You didn't know any spells.
Your spell library contained the following spells:

 Spells                   Type           Power      Damage    Failure   Level
 Beastly Appendage        Tmut           0%         N/A       22%         1
 Freeze                   Ice            0%         1d3       22%         1
 Call Canine Familiar     Summ           0%         N/A       56%         3
 Frozen Ramparts          Ice            0%         1d1       56%         3
 Hailstorm                Conj/Ice       0%         3d3       56%         3
 Portal Projectile        Hex/Tloc       0%         N/A       56%         3
 Leda's Liquefaction      Hex/Erth       0%         N/A       92%         4
 Alistair's Intoxication  Tmut/Pois      0%         N/A       99%         5
 Storm Form               Tmut/Air       0%         N/A       100%        7


Dungeon Overview and Level Annotations

Branches:
Dungeon (6/15)
 Temple: D:4-7

Altars:
Dithmenos
Hepliaklqana
Trog
Xom
Yredelemnul

Shops:
D:4 =*

Annotations:
D:4 exclusion: 2 downstairs


Message History

The gnoll attacks as you move away! The gnoll hits you but does no damage.
A gnoll comes into view. It is wielding a +0 whip.
Found a stone staircase leading up.
The gnoll moves out of view.
The gnoll attacks as you move away! The gnoll hits you with a +0 club.
The gnoll attacks as you move away! The gnoll hits you with a +0 club.
Your attacks no longer feel as feeble.
The gnoll is no longer moving quickly.
You see here a +0 leather armour.
The gnoll attacks as you move away! The gnoll hits you but does no damage.
The gnoll is no longer moving quickly. x2
The gnoll attacks as you move away! The gnoll hits you with a +0 club.
The gnoll is no longer moving quickly.
You completely miss the gnoll. The gnoll barely misses you.
The gnoll hits you with a +0 club.
You sock the gnoll!
You kill the gnoll!
The gnoll bouda barks out a call to the hunt!
The gnolls pick up the pace!
The wight misses you.
You closely miss the wight.
The gnoll hits you from afar with a +0 heavy spear.
The wight hits you with a +0 falchion.
You feel drained.
You sock the wight!
The wight convulses.
The wight is severely damaged.
The gnoll bouda gazes fiercely through you!
You feel your attacks grow feeble. The wight hits you with a +0 falchion!
* * * LOW HITPOINT WARNING * * *
The gnoll hits you from afar with a +0 heavy spear!
* * * LOW HITPOINT WARNING * * *
The wight hits you with a +0 falchion.
* * * LOW HITPOINT WARNING * * *
You feel drained.
* * * LOW HITPOINT WARNING * * *
Aiming: Charm
Press: ? - help, Shift-Dir - straight line, f - wight
Aim: a wight, wielding a +0 falchion and wearing a +0 robe (severely damaged, chance to affect: 60%)
The wight resists with significant effort.
The gnoll hits you from afar with a +0 heavy spear!
You die...

._...# ##.g..#
......##.....#
.............#
....##..##..!#
#.. ##g.#...#
#..##zz#...#
#...ggg#...#
#...##z##...#
.... #@# ...#
... #.......#
.. #..<....# .
#.......#
##......#
########


You could see a gnoll bouda, 3 wights and 3 gnolls.

Vanquished Creatures
  A black bear (D:5)
  An ogre (D:4)
  2 scorpions (D:5)
  A howler monkey (D:5)
  2 orc priests
  3 hounds
  An iguana (D:5)
  3 orc wizards
  4 gnolls
  6 adders
  2 ufetubi (D:5)
  3 worms
  2 dart slugs (D:5)
  9 orcs
  3 bats
  8 endoplasms
  2 giant cockroaches
  11 goblins
  7 hobgoblins
  2 quokkas
  10 ball pythons
  3 frilled lizards
  8 kobolds
  7 rats
101 creatures vanquished.

Vanquished Creatures (collateral kills)
  An orc (D:3)
1 creature vanquished.

Vanquished Creatures (others)
  An orc (D:3)
1 creature vanquished.

Grand Total: 103 creatures vanquished

Notes
Turn   | Place    | Note
-------+----------+-------------------------------------------
     0 | D:1      | H0rd4k the Human Artificer began the quest for the Orb.
     0 | D:1      | Reached XP level 1. HP: 15/15 MP: 1/1
   169 | D:1      | Reached XP level 2. HP: 10/21 MP: 2/2
   485 | D:1      | Reached XP level 3. HP: 10/26 MP: 3/3
  1197 | D:2      | Reached skill level 1 in Maces & Flails
  1204 | D:2      | Reached XP level 4. HP: 8/32 MP: 4/4
  1379 | D:2      | Found a shimmering altar of Xom.
  1737 | D:2      | Reached XP level 5. HP: 38/38 MP: 5/5
  2203 | D:3      | Found a hazy altar of Hepliaklqana.
  2554 | D:3      | HP: 1/38 [orc/+0 short sword (4)]
  2781 | D:4      | Found Yffoup's Jewellery Shoppe.
  2888 | D:4      | Noticed an ogre
  2890 | D:4      | Killed an ogre
  2891 | D:4      | Reached XP level 6. HP: 45/45 MP: 6/6
  3409 | D:4      | Found Ryolir's Assorted Antiques.
  3494 | D:4      | Found a bloodstained altar of Trog.
  3534 | D:4      | Found a basalt altar of Yredelemnul.
  3714 | D:5      | Entered Level 5 of the Dungeon
  3926 | D:4      | Reached XP level 7. HP: 24/51 MP: 7/7
  4557 | D:5      | Got the Catalogue of Forms
  4697 | D:5      | Reached XP level 8. HP: 50/60 MP: 8/8
  5052 | D:6      | Found a shadowy altar of Dithmenos.
  5070 | D:6      | HP: 3/60 [wight/+0 falchion (5)]
  5071 | D:6      | Mangled by a gnoll

Illustrated notes

Levels and vault maps discovered:
D:1:      dpeg_arrival_round_c, layout_loops_ring
D:2:      layout_basic, basic_altar, kennysheep_minor_cross
D:3:      layout_basic, lemuel_tele_altar
D:4:      layout_loops_ring, nicolae_overflow_squiral, serial_shops, shop,
          nicolae_shop_peninsula
D:5:      layout_loops_ring
D:6:      layout_gridville, nicolae_dithmenos_shadow_blocks,
          minmay_temple_entry_large_hall, enter_ossuary_3

Skill      XL: |  1  2  3  4  5  6  7 |
---------------+----------------------+-----
Maces & Flails | 1 3 |  3.5
Dodging        | 2 3 4 |  4.9
Fighting       | 2 4 |  4.4
Evocations     | 4 |  4.3
Stealth        | 2 |  2.1
Armour         | |  2.0

Action                     |  1- 3 |  4- 6 |  7- 9 || total
---------------------------+-------+-------+-------++-------
  Melee: Club              |   172 |       |       ||   172
         Punch             |     1 |       |       ||     1
         Great mace        |       |   165 |    89 ||   254
  Evoke: Wand              |     1 |    14 |     1 ||    16
    Use: Potion            |       |     1 |       ||     1
   Stab: Sleeping          |     1 |     2 |       ||     3
 Armour: Leather armour    |    85 |    75 |    29 ||   189
  Dodge: Dodged            |    91 |   120 |    95 ||   306
